 Dungeon Crawl Stone Soup version 0.22.1-2-g9c5b331 (webtiles) character file.

117 dvd the Chopper (level 4, -9/57 HPs)
             Began as a Minotaur Gladiator on Nov 18, 2018.
             Killed by divine providence
             ... invoked by an orc priest
              (13 damage)
             ... on level 3 of the Dungeon.
             The game lasted 00:02:43 (1861 turns).

dvd the Chopper (Minotaur Gladiator)                Turns: 1861, Time: 00:02:44

Health: -9/57      AC: 22    Str: 23    XL:     4   Next: 71%
Magic:  3/3        EV:  2    Int:  5    God:
Gold:   176        SH: 10    Dex: 13    Spells: 3/3 levels left

rFire    . . .     SeeInvis .   a - +0 war axe
rCold    . . .     Gourm    .   i - +2 shield
rNeg     + + +     Faith    .   (armour currently unavailable)
rPois    +         Spirit   .   (helmet currently unavailable)
rElec    .         Reflect  .   (cloak currently unavailable)
rCorr    .         Harm     .   (gloves currently unavailable)
MR       .....     NoTele   +   (boots currently unavailable)
Stlth    +.........             (no amulet)
HPRegen  0.19/turn              (no ring)
MPRegen  0.08/turn              (no ring)

@: mighty, lethally poisoned (-9 -> -12), tree-form, slowed, very slow
A: (retaliatory headbutt)
a: no special abilities


You were on level 3 of the Dungeon.
You were not hungry.
You were a tree.
You visited 1 branch of the dungeon, and saw 3 of its levels.

You collected 176 gold pieces.

Inventory:

Hand Weapons
 a - a +0 war axe (weapon)
Missiles
 d - 3 throwing nets (quivered)
Armour
 b - a +0 leather armour (melded)
 c - a +0 hat (melded)
 i - a +2 shield (worn)
 l - a +0 cloak (melded)
 s - a +0 pair of gloves (melded)
Wands
 p - a wand of random effects (17)
Scrolls
 e - 5 scrolls of identify {unknown}
 j - 2 scrolls of teleportation {unknown}
 k - 2 scrolls of magic mapping {unknown}
 m - a scroll of blinking {unknown}
 n - a scroll of immolation {unknown}
 q - 2 scrolls of remove curse {unknown}
 r - a scroll of enchant weapon {unknown}
Potions
 h - a potion of lignification
 o - a potion of curing {unknown}
Comestibles
 f - 9 rations
 t - 3 chunks of flesh


   Skills:
 + Level 3.2 Fighting
 + Level 5.3 Axes
 + Level 2.0 Throwing
 + Level 0.6 Armour
 + Level 3.9 Dodging
 + Level 1.4 Shields


You had 3 spell levels left.
You didn't know any spells.
Your spell library was empty.

Dungeon Overview and Level Annotations

Branches:
Dungeon (3/15)

Altars:


Innate Abilities, Weirdness & Mutations

((You reflexively headbutt those who attack you in melee.))
((You have a pair of horns on your head.))


Message History

Your +0 leather armour melds into your body.
Your roots penetrate the ground.
You feel sick.
The orc wizard hits you but does no damage.
The orc wizard casts a spell at you. The magic dart hits you!
* * * LOW HITPOINT WARNING * * *
You block the orc's attack.
You hit the orc.
The orc is moderately wounded.
You slash the orc wizard!
You feel sick. You block the orc wizard's attack.
The orc wizard hits you but does no damage.
The orc priest looks braver for a moment.
You block the orc's attack.
The orc wizard mumbles some strange words.
The orc wizard blinks!
The orc hits you but does no damage.
It was a potion of might.
You feel very mighty all of a sudden.
The orc priest mumbles some strange prayers to Beogh against you.
Beogh smites you!
You die...

...............#
##...#.######..#
##............#
####.######.##
#o.......#
#.######## #.#
#§# #♣# #o# #g#


.oo ... ..... #...# ##.## You could see an orc priest, an orc wizard, 2 orcs and
a hobgoblin.

Vanquished Creatures
  An iguana (D:2)
  2 adders (D:2)
  An ooze (D:1)
  3 dart slugs
  A leopard gecko (D:1)
  5 giant cockroaches
  4 hobgoblins
  8 jackals
  5 kobolds
  2 quokkas
  A ball python (D:1)
  6 bats
  3 frilled lizards
  9 goblins
  8 rats
59 creatures vanquished.

Notes
Turn   | Place    | Note
-------+----------+-------------------------------------------
     0 | D:1      | dvd the Minotaur Gladiator began the quest for the Orb.
     0 | D:1      | Reached XP level 1. HP: 18/18 MP: 0/0
    33 | D:1      | Reached XP level 2. HP: 21/26 MP: 1/1
    84 | D:1      | Reached skill level 4 in Axes
   211 | D:1      | Reached XP level 3. HP: 29/31 MP: 2/2
   763 | D:2      | Reached skill level 5 in Axes
   763 | D:2      | Reached XP level 4. HP: 19/38 MP: 3/3
   958 | D:2      | Reached skill level 1 in Shields
  1861 | D:3      | Killed from afar by an orc priest

Skill      XL: |  1  2  3  4 |
---------------+-------------+-----
Fighting       | 3 |  3.2
Axes           | 4 5 |  5.3
Shields        | 1 |  1.4
Throwing       | |  2.0
Armour         | |  0.6
Dodging        | |  3.9

Action                   |  1- 3 |  4- 6 || total
-------------------------+-------+-------++-------
Melee: War axe           |    64 |    44 ||   108
       Headbutt          |    11 |     4 ||    15
  Use: Potion            |       |     2 ||     2
  Eat: Chunk             |       |     3 ||     3
Armor: Leather armour    |    32 |    11 ||    43
       Skin              |       |     3 ||     3
Dodge: Dodged            |    34 |    22 ||    56
Block: Shield            |    49 |    23 ||    72
